 Dungeon Crawl Stone Soup version 0.20.0-15-g7f486f2 (webtiles) character file.

147 NoAnimeNoLife the Cudgeler (level 5, -10/41 HPs)
             Began as a Demonspawn Fighter on June 14, 2017.
             Mangled by an ogre
             ... wielding a +0 giant club
              (20 damage)
             ... on level 3 of the Dungeon.
             The game lasted 00:02:31 (1884 turns).

NoAnimeNoLife the Cudgeler (Demonspawn Fighter)     Turns: 1884, Time: 00:02:32

Health: -10/41     AC:  6    Str: 16    XL:     5   Next: 7%
Magic:  5/5        EV:  6    Int: 10    God:
Gold:   169        SH:  8    Dex: 13    Spells: 4/4 levels left

rFire    . . .     SeeInvis .   a - +0 flail
rCold    + . .     Gourm    .   c - +0 shield
rNeg     . . .     Faith    .   b - +0 scale mail
rPois    .         Spirit   .   (no helmet)
rElec    .         Reflect  .   (no cloak)
rCorr    .         Harm     .   (no gloves)
MR       .....                  (no boots)
Stlth    ..........             (no amulet)
Regen    0.2/turn               (no ring)
MPRegen  0.1/turn               (no ring)

@: no status effects
A: cold resistance 1, spiny 1
a: no special abilities


You were on level 3 of the Dungeon.
You were not hungry.

You visited 1 branch of the dungeon, and saw 3 of its levels.

You collected 169 gold pieces.

Inventory:

Hand Weapons
 a - a +0 flail (weapon)
Missiles
 z - 53 stones (quivered)
Armour
 b - a +0 scale mail (worn)
 c - a +0 shield (worn)
 e - a +0 scale mail
Jewellery
 h - an uncursed ring of poison resistance {unknown}
 r - a cursed ring of teleportation {unknown}
Scrolls
 i - a scroll of fear {unknown}
 n - 2 scrolls of identify {unknown}
 o - 2 scrolls of enchant weapon {unknown}
 p - 2 scrolls of recharging {unknown}
 u - a scroll of magic mapping {unknown}
 v - 2 scrolls of enchant armour {unknown}
 w - a scroll of noise {unknown}
 x - a scroll of immolation {unknown}
 y - a scroll of amnesia {unknown}
Potions
 d - 2 potions of might
 j - a potion of agility {unknown}
 k - a potion of curing {unknown}
 m - a potion of haste {unknown}
 q - 2 potions of flight {unknown}
 t - a potion of cancellation {unknown}
Comestibles
 f - 6 bread rations
 g - 2 meat rations
 s - 2 royal jellies


   Skills:
 - Level 3.0 Fighting
 + Level 4.8 Maces & Flails
 - Level 2.6 Armour
 - Level 2.6 Shields


You had 4 spell levels left.
You didn't know any spells.

Dungeon Overview and Level Annotations

Branches:
Dungeon (3/15)

Altars:
Dithmenos
Nemelex Xobeh
Yredelemnul
Zin


Innate Abilities, Weirdness & Mutations

Your flesh is cold resistant. (rC+)
You are partially covered in sharp spines.


Message History

You are too injured to fight recklessly!
You are too injured to fight recklessly!
You are too injured to fight recklessly!
You hit the ogre.
The ogre is severely wounded.
You block the ogre's attack.
You hit the ogre but do no damage.
The ogre is severely wounded.
You block the ogre's attack.
Your shield and scale mail prevent you from hitting the ogre.
The ogre is severely wounded.
You block the ogre's attack.
You barely miss the ogre.
The ogre is severely wounded.
The ogre is struck by your spines. The ogre hits you with a giant club.
* * * LOW HITPOINT WARNING * * *
You hit the ogre but do no damage.
The ogre is severely wounded.
The ogre hits you with a giant club!!
You die...

.........................#
......#........#########.#
......#.........# #.#
......#.........## #.#
......#..........#### #.#
......#.............# #.#
......#)########..#.#
#.###### ......#.# #..#.#
#......# ......#.# #@.#.#
#####.##
.....)#'########O.#.# #.#
.#####.........#.>#.# #.#
.# #.........##.#.# #.# .#
#.........##.#.# #.# .#
#.........##.#.# #.#
.#####.........##.#.# #.#
.....+.........##.#.# #.#
######.........##.#.# #.#


You could see an ogre.

Vanquished Creatures
  The ghost of taytron the Chopper, a weakling HOMo (D:3)
  A hound skeleton (D:3)
  An adder (D:3)
  A worm (D:3)
  3 dart slugs
  6 leopard geckos
  4 orcs (D:3)
  4 giant cockroaches
  2 gnoll zombies (D:2)
  8 goblins
  7 hobgoblins
  5 jackals (D:2)
  A quokka (D:1)
  3 ball pythons (D:2)
  2 bats (D:1)
  A frilled lizard (D:3)
  5 rats
55 creatures vanquished.

Notes
Turn   | Place    | Note
-------+----------+-------------------------------------------
     0 | D:1      | NoAnimeNoLife the Demonspawn Fighter began the quest for the Orb.
     0 | D:1      | Reached XP level 1. HP: 18/18 MP: 1/1
    28 | D:1      | Reached skill level 2 in Maces & Flails
   101 | D:1      | Gained mutation: You are partially covered in sharp spines. [demonic ancestry]
   101 | D:1      | Reached XP level 2. HP: 20/24 MP: 2/2
   410 | D:1      | Reached skill level 3 in Maces & Flails
   491 | D:2      | Found a sparkling altar of Nemelex Xobeh.
   532 | D:2      | Reached XP level 3. HP: 29/29 MP: 3/3
   733 | D:2      | Found a basalt altar of Yredelemnul.
   974 | D:3      | Found a shadowy altar of Dithmenos.
  1167 | D:3      | Noticed taytron's ghost (weakling HOMo)
  1183 | D:3      | Killed taytron's ghost
  1183 | D:3      | Reached skill level 4 in Maces & Flails
  1183 | D:3      | Reached XP level 4. HP: 35/35 MP: 4/4
  1419 | D:3      | Gained mutation: Your flesh is cold resistant. (rC+) [demonic ancestry]
  1419 | D:3      | Reached XP level 5. HP: 39/41 MP: 5/5
  1470 | D:3      | Found a glowing silver altar of Zin.
  1872 | D:3      | Noticed an ogre
  1884 | D:3      | Mangled by an ogre

Skill      XL: |  1  2  3 |
---------------+----------+-----
Maces & Flails | 2 3 4 |  4.8
Fighting       | |  3.0
Armour         | |  2.6
Shields        | |  2.6

Action                   |  1- 3 |  4- 6 || total
-------------------------+-------+-------++-------
Melee: Flail             |   119 |    42 ||   161
  Use: Potion            |     3 |       ||     3
  Eat: Chunk             |       |     3 ||     3
Armor: Scale mail        |    47 |     7 ||    54
Dodge: Dodged            |    30 |     2 ||    32
Block: Shield            |    54 |    17 ||    71
